 Dungeon Crawl Stone Soup version 0.24.0-28-g17ded55e90 (webtiles) character file.

Game seed: 10725912624692043487, levelgen mode: deterministic

1388 Delamore the Cleaver (level 8, -5/64 HPs)
             Began as a Hill Orc Fighter on Nov 11, 2019.
             Was a Believer of Qazlal.
             Slain by Prince Ribbit (13 damage)
             ... on level 7 of the Dungeon.
             The game lasted 00:09:55 (6737 turns).

Delamore the Cleaver (Hill Orc Fighter)             Turns: 6737, Time: 00:09:56

Health: -5/64      AC: 11    Str: 21    XL:     8   Next: 68%
Magic:  2/8        EV:  9    Int:  8    God:    Qazlal [**....]
Gold:   343        SH:  3    Dex: 10    Spells: 7/7 levels left

rFire    . . .     SeeInvis .   E - +0 halberd (vamp)
rCold    . . .     Gourm    +   (shield currently unavailable)
rNeg     . . .     Faith    .   b - +0 scale mail
rPois    .         Spirit   .   J - +0 helmet
rElec    .         Reflect  .   D - +0 cloak
rCorr    .         Harm     .   (no gloves)
MR       .....                  (no boots)
Stlth    +.........             I - amulet of the gourmand
HPRegen  0.20/turn              r - ring of stealth
MPRegen  0.11/turn              C - +2 ring of protection

@: no status effects
A: no striking features
a: Upheaval, Renounce Religion


You were on level 7 of the Dungeon.
You worshipped Qazlal.
Qazlal was pleased with you.
You were completely stuffed.

You visited 2 branches of the dungeon, and saw 8 of its levels.

You collected 357 gold pieces.
You spent 14 gold pieces at shops.

Inventory:

Hand Weapons
 a - a +0 war axe
 E - a +0 vampiric halberd (weapon)
Missiles
 n - a throwing net (quivered)
Armour
 b - a +0 scale mail (worn)
 c - a +0 shield
 A - a +0 plate armour
 D - a +0 cloak (worn)
 H - a +0 pair of boots
 J - a +0 helmet (worn)
Jewellery
 r - a ring of stealth (left hand)
 C - a +2 ring of protection (right hand)
 G - an uncursed ring of positive energy
 I - an amulet of the gourmand (around neck)
 L - an uncursed ring of stealth
Wands
 x - a wand of iceblast (14)
Scrolls
 e - 2 scrolls of enchant armour {unknown}
 h - 5 scrolls of identify {unknown}
 i - 2 scrolls of enchant weapon {unknown}
 l - 5 scrolls of teleportation {unknown}
 m - a scroll of amnesia {unknown}
 o - a scroll of magic mapping {unknown}
 p - 3 scrolls of remove curse {unknown}
 s - a scroll of noise {unknown}
 y - 3 scrolls of fear {unknown}
 B - 2 scrolls of fog {unknown}
Potions
 d - 3 potions of might
 g - 2 potions of haste {unknown}
 j - a potion of berserk rage {unknown}
 k - 2 potions of heal wounds {unknown}
 q - 6 potions of curing {unknown}
 t - 2 potions of resistance {unknown}
 u - a potion of lignification {unknown}
 v - a potion of flight {unknown}
 w - a potion of brilliance {unknown}
 z - a potion of agility {unknown}
 F - a potion of degeneration
 K - 2 potions of invisibility {unknown}
Comestibles
 f - 7 rations
 M - 3 chunks of flesh


   Skills:
 - Level 3.6 Fighting
 + Level 13.2 Axes
 - Level 3.2 Armour
 - Level 3.2 Shields


You had 7 spell levels left.
You didn't know any spells.
Your spell library contained the following spells:

 Spells                   Type           Power        Failure   Level  Hunger
 Beastly Appendage        Tmut           #.....       75%         1    ##.....
 Freeze                   Ice            #...         75%         1    ##.....
 Sticks to Snakes         Tmut           #.......     87%         2    ###....
 Throw Frost              Conj/Ice       #.....       87%         2    ###....
 Ozocubu's Armour         Chrm/Ice       #.......     98%         3    ####...
 Spider Form              Tmut/Pois      #.........   98%         3    ####...
 Ice Form                 Ice/Tmut       #.......     100%        4    #####..
 Summon Ice Beast         Ice/Summ       #.......     100%        4    #####..
 Throw Icicle             Conj/Ice       #.......     100%        4    #####..
 Blade Hands              Tmut           #.........   100%        5    ######.


Dungeon Overview and Level Annotations

Branches:
Dungeon (7/15)             Temple (1/1) D:6

Altars:
Ashenzari
Cheibriados
Fedhas
Gozag
Hepliaklqana
Kikubaaqudgha
Nemelex Xobeh
Qazlal
Ru
Sif Muna
Trog
Vehumet
The Shining One

Shops:
D:4 *   D:5 !   D:6 :

Annotations:
D:7 Prince Ribbit


Message History

Prince Ribbit hits you!
* * * LOW HITPOINT WARNING * * *
Your fire elemental hits Prince Ribbit.
Your fire elemental burns Prince Ribbit!
Prince Ribbit casts a spell.
Prince Ribbit looks slightly unstable.
You closely miss Prince Ribbit.
Prince Ribbit is severely wounded.
Your fire elemental hits Prince Ribbit.
Your fire elemental burns Prince Ribbit!
Prince Ribbit lets out a mournful croak.
Prince Ribbit closely misses your fire elemental.
Your fire elemental misses Prince Ribbit.
You miss Prince Ribbit.
Prince Ribbit is almost dead.
Prince Ribbit hits you.
* * * LOW HITPOINT WARNING * * *
Your fire elemental misses Prince Ribbit.
Prince Ribbit hits you!
You die...

################ .......
#..............# .......
#.....°........# .......
#......@F......# ......
#......E.......##....+##
#..............##....#..
#..>..........['.....#..
#..............#.....#..
###'############.....###
#.# #########.....#..
#.# #.............#..
#.# #.#######.....#..


You could see Prince Ribbit and a friendly fire elemental.

Vanquished Creatures
  A hungry ghost (D:7)
  A black bear (D:7)
  An orc warrior (D:6)
  2 ogres
  3 bullfrogs (D:6)
  A centaur zombie (D:5)
  A hound (D:6)
  Crazy Yiuf (D:5)
  4 orc priests
  2 orc wizards
  Jessica (D:2)
  4 worker ants
  Ijyb (D:5)
  A worker ant zombie (D:7)
  13 adders
  3 gnolls (D:5)
  A shadow imp (D:7)
  An ooze (D:1)
  An adder skeleton (D:4)
  A worm (D:2)
  A dart slug (D:1)
  7 leopard geckos
  23 orcs
  4 ball pythons
  12 bats
  3 bat zombies (D:3)
  3 giant cockroaches
  6 goblins
  5 hobgoblins
  5 jackals
  3 quokkas
  3 frilled lizards (D:2)
  10 kobolds
  8 rats
137 creatures vanquished.

Vanquished Creatures (others)
  A quokka (D:7)
1 creature vanquished.

Grand Total: 138 creatures vanquished

Notes
Turn   | Place    | Note
-------+----------+-------------------------------------------
     0 | D:1      | Delamore the Hill Orc Fighter began the quest for the Orb.
     0 | D:1      | Reached XP level 1. HP: 19/19 MP: 1/1
    38 | D:1      | Reached skill level 3 in Axes
    83 | D:1      | Reached XP level 2. HP: 21/26 MP: 2/2
   258 | D:1      | Reached skill level 4 in Axes
   628 | D:1      | Reached XP level 3. HP: 31/31 MP: 3/3
  1101 | D:2      | Reached skill level 5 in Axes
  1132 | D:2      | Noticed Jessica
  1143 | D:2      | Killed Jessica
  1143 | D:2      | Reached XP level 4. HP: 25/39 MP: 4/4
  1245 | D:2      | Reached skill level 6 in Axes
  1890 | D:3      | Reached XP level 5. HP: 35/45 MP: 5/5
  1971 | D:3      | Found a faded altar of an unknown god.
  1987 | D:3      | Became a worshipper of Qazlal Stormbringer
  1987 | D:3      | Reached * piety under Qazlal
  2030 | D:3      | Reached skill level 7 in Axes
  2047 | D:3      | Found an ancient bone altar of Kikubaaqudgha.
  2579 | D:3      | Found a blossoming altar of Fedhas.
  2728 | D:4      | Reached ** piety under Qazlal
  2804 | D:4      | Reached skill level 8 in Axes
  2804 | D:4      | Reached XP level 6. HP: 51/51 MP: 6/6
  2943 | D:4      | Reached skill level 9 in Axes
  3410 | D:4      | Found Canywneth's General Store.
  3706 | D:4      | Found a snail-covered altar of Cheibriados.
  3926 | D:5      | Entered Level 5 of the Dungeon
  3946 | D:5      | Found a bloodstained altar of Trog.
  3951 | D:5      | Found a hazy altar of Hepliaklqana.
  4046 | D:5      | Found a shimmering blue altar of Sif Muna.
  4047 | D:5      | Found an opulent altar of Gozag.
  4074 | D:5      | Found a sparkling altar of Nemelex Xobeh.
  4239 | D:5      | Noticed Ijyb
  4244 | D:5      | Killed Ijyb
  4244 | D:5      | Reached XP level 7. HP: 57/57 MP: 7/7
  4393 | D:5      | Reached skill level 10 in Axes
  4422 | D:5      | Found Aquohoa's Distillery.
  4429 | D:5      | Bought a potion of degeneration for 14 gold pieces
  4479 | D:5      | Found a shattered altar of Ashenzari.
  4599 | D:5      | Found a runed translucent door.
  4600 | D:5      | Noticed Crazy Yiuf
  4852 | D:5      | Killed Crazy Yiuf
  4903 | D:6      | Found a staircase to the Ecumenical Temple.
  5046 | D:6      | Reached skill level 11 in Axes
  5105 | D:6      | Reached *** piety under Qazlal
  5434 | D:6      | You fall into a shaft and drop 1 floor!
  5441 | D:7      | Reached XP level 8. HP: 64/64 MP: 8/8
  5558 | D:6      | Found a radiant altar of Vehumet.
  6058 | D:6      | Reached skill level 12 in Axes
  6092 | D:6      | Found a glowing golden altar of the Shining One.
  6241 | D:6      | Found Asolomu's Book Shop.
  6299 | Temple   | Entered the Ecumenical Temple
  6415 | D:7      | Reached skill level 13 in Axes
  6591 | D:7      | Found a sacrificial altar of Ru.
  6708 | D:7      | Noticed Prince Ribbit
  6737 | D:7      | Slain by Prince Ribbit

Levels and vault maps discovered:
D:1:      dpeg_arrival_pond, layout_loops_ring, solitary_fountain, nrook_uturn
D:2:      layout_basic, serial_bayou, serial_bayou_lagoon_a,
          serial_bayou_pond_e, serial_bayou_lake_a, serial_bayou_shore_b,
          uniq_jessica
D:3:      layout_loops_ring, fedhas_altar_4, lemuel_zombie_altar_kikubaaqudgha,
          chequers_ecumenical_altar_simple_redux, first_ration,
          minmay_misc_feat_x
D:4:      layout_loops_ring, nicolae_overflow_hidden_temple, serial_rivers,
          chequers_serial_rivers_small_b, chequers_serial_rivers_micro_c,
          chequers_serial_rivers_small_3, chequers_serial_rivers_small_b,
          serial_shops, shop, minmay_snake_closets
D:5:      cheibrodos_quashed, layout_basic, kennysheep_mini,
          grunt_temple_overflow_open, serial_shops, nicolae_shop_crystal,
          chequers_serial_rivers_micro_d, nemelex_xobeh_ov_fountains_minmay,
          uniq_crazy_yiuf_cottage, uniq_ijyb
D:6:      layout_basic, nicolae_overflow_crystal_walls,
          minmay_temple_entry_purple_smoke, serial_shops, kennysheep_mini_moat,
          tso_altar
D:7:      layout_basic, elyvilon_altar_4, nicolae_ru_great_annihilating_truth,
          uniq_joseph, uniq_prince_ribbit1
Temple:   compressed_dpeg_circular_temple

Skill      XL: |  1  2  3  4  5  6  7  8 |
---------------+-------------------------+-----
Axes           | 3 4 5 6 8 9 11 13 | 13.2
Fighting       | |  3.6
Armour         | |  3.2
Shields        | |  3.2

Action                   |  1- 3 |  4- 6 |  7- 9 || total
-------------------------+-------+-------+-------++-------
Melee: War axe           |   110 |   202 |    15 ||   327
       Halberd           |       |       |   181 ||   181
Invok: Elemental Force   |       |       |     1 ||     1
Evoke: Wand              |       |     1 |       ||     1
 Stab: Invisible         |       |       |     1 ||     1
  Eat: Chunk             |     1 |     9 |    18 ||    28
       Ration            |       |       |     3 ||     3
Armor: Scale mail        |    54 |    86 |    91 ||   231
Dodge: Dodged            |    39 |    76 |    86 ||   201
Block: Shield            |    75 |   119 |    12 ||   206
       Other             |       |       |    17 ||    17
